 Dungeon Crawl Stone Soup version 0.31.0-11-ge490571c62 (webtiles) character file.

Game seed: 7106658043556901748

1637 ProzacElf the Slasher (level 8, -7/56 HPs)
             Began as a Demonspawn Gladiator on Feb 3, 2024.
             Mangled by a wight
             ... wielding a +5 falchion of freezing
              (9 damage)
             ... on level 6 of the Dungeon.
             The game lasted 00:11:11 (5468 turns).

ProzacElf the Slasher (Demonspawn Gladiator)        Turns: 5468, Time: 00:11:11

Health: -7/56      AC: 15    Str: 21    XL:     8   Next: 66%
Magic:  8/8        EV: 14    Int:  9    God:
Gold:   204        SH:  0    Dex: 19    Spells: 7/7 levels left

rFire   . . .        a - +0 long sword
rCold   . . .        (no shield)
rNeg    . . .        q - +0 scale mail
rPois   .            c - +0 helmet
rElec   .            x - +2 cloak of the Thief {*Fog Slay-2 SInv Stlth+}
rCorr   .            E - +0 pair of gloves
SInv    +            (no boots)
Will    +....        u - amulet of magic regeneration
Stlth   +++          k - +4 ring of protection
HPRegen 0.29/turn    F - ring of Nelez {^Drain Will+ Str+5 Dex+4, =R}
MPRegen 0.51/turn

%: no passive effects
@: no status effects
A: repulsion field 2, powered by death 1, weakness stinger 1
a: no special abilities


You were on level 6 of the Dungeon.
You visited 1 branch of the dungeon, and saw 6 of its levels.

You collected 204 gold pieces.

Inventory:

Hand Weapons
 a - a +0 long sword (weapon)
 b - a +2 dagger of freezing
Missiles
 d - 3 throwing nets
 e - 3 javelins (quivered)
 I - a boomerang
Armour
 c - a +0 helmet (worn)
 q - a +0 scale mail (worn)
 r - a +0 leather armour
 x - the +2 cloak of the Thief (worn) {*Fog Slay-2 SInv Stlth+}
   (You found it on level 3 of the Dungeon)

   *Fog:      It may release a thick cloud of smoke when the wearer is hurt.
   Slay-2:    It affects your accuracy & damage with ranged weapons and melee
   (-2).
   SInv:      It lets you see invisible.
   Stlth+:    It makes you more stealthy.
 B - a +0 plate armour
 E - a +0 pair of gloves (worn)
 J - a +1 leather armour of fire resistance
Jewellery
 k - a +4 ring of protection (left hand)
 n - a +6 ring of dexterity
 u - an amulet of magic regeneration (around neck)
 C - a +6 ring of strength
 F - the ring of Nelez (right hand) {^Drain Will+ Str+5 Dex+4, =R}
   (You found it on level 4 of the Dungeon)

   [ring of willpower]

   Str+5:     It affects your strength (+5).
   Dex+4:     It affects your dexterity (+4).
   Will+:     It increases your willpower.
   ^Drain:    It drains your maximum health when unequipped.
 N - a ring of flight
Wands
 w - a wand of flame (26)
Scrolls
 g - a scroll of fear {unknown}
 h - a scroll of vulnerability
 i - 2 scrolls of immolation
 m - a scroll of torment
 p - a scroll of butterflies {unknown}
 s - a scroll of amnesia {unknown}
 t - 4 scrolls of fog {unknown}
 v - 6 scrolls of identify {unknown}
 y - a scroll of poison {unknown}
 G - a scroll of noise {unknown}
 H - a scroll of teleportation {unknown}
 K - a scroll of revelation {unknown}
 L - a scroll of enchant armour {unknown}
Potions
 f - 2 potions of haste
 j - 2 potions of degeneration {unknown}
 l - 3 potions of curing
 o - a potion of lignification {unknown}
 z - a potion of mutation {unknown}
 A - 2 potions of cancellation
 D - a potion of attraction {unknown}
 M - a potion of heal wounds {unknown}


   Skills:
 - Level 2.0 Fighting
 + Level 7.7 Long Blades
 - Level 1.7 Throwing
 - Level 2.6 Dodging
 - Level 5.0 Stealth
 + Level 5.5 Evocations


You had 7 spell levels left.
You didn't know any spells.
Your spell library contained the following spells:

 Spells                   Type           Power      Damage    Failure   Level
 Hailstorm                Conj/Ice       0%         3d5       98%         3
 Summon Ice Beast         Ice/Summ       0%         N/A       98%         3
 Sculpt Simulacrum        Ice/Alch       0%         N/A       100%        6


Dungeon Overview and Level Annotations

Branches:
Dungeon (6/15)
 Temple: D:4-7

Altars:
Okawaru
Xom

Shops:
D:3 (

Annotations:
D:2 dig for wand
D:3 2 runed translucent doors, Gadfly's ghost, amateur DsMo


Innate Abilities, Weirdness & Mutations

You are surrounded by a moderate repulsion field. (EV +3)
You regenerate a little health from kills.
You have a small tail.


Message History

Yer life force feels restored.
Ye hit tha wight.
Yer tail-slap misses tha wight.
Tha wight be lightly damaged.
Tha wight hits ye wit' a +5 falchion o' freezin'.
Tha wight freezes ye.
Ye take 4 damage, an' haf 40/56 hp.
Ye closely miss tha wight.
Tha wight be lightly damaged.
Tha wight completely misses ye.
Ye regain'd 2 hp, an' now haf 42/56 hp.
Ye hit tha wight.
Tha wight be moderately damaged.
Tha wight hits ye wit' a +5 falchion o' freezin'!
Tha wight freezes ye.
Ye take 8 damage, an' haf 34/56 hp.
Ye hit tha wight but do nay damage.
Tha wight be moderately damaged.
Tha wight misses ye.
Ye barely miss tha wight.
Tha wight be moderately damaged.
Tha wight hits ye wit' a +5 falchion o' freezin'!
Wit' a swish o' yer cloak, ye release a cloud o' fog.
Tha wight freezes ye.
Ye take 17 damage, an' haf 17/56 hp.
MASSIVE DAMAGE!!
Ye be too injured ta fight recklessly!
Ye be too injured ta fight recklessly!
Ye hit tha wight.
Tha wight be severely damaged.
Tha wight barely misses ye.
Ye completely miss tha wight.
Tha wight be severely damaged.
Tha wight hits ye wit' a +5 falchion o' freezin'!
* * * LOW HITPOINT WARNIN'
* * * Tha wight freezes ye.
* * * LOW HITPOINT WARNIN'
* * * Ye take 15 damage, an' haf 2/56 hp.
MASSIVE DAMAGE!!
Ye barely miss tha wight.
Tha wight be severely damaged.
Tha wight hits ye wit' a +5 falchion o' freezin'!
Ye die...

# #.. #............# #z #.#
#............## #.. #.#
###.....<.)...... #..# #.#
#...........>.... #.z.#.#
#.##.##......>...
#..z#.###.#.......##.######
#$........#..#.##.##.#
#.#.########.##.#..#
#.#...§z@§§..#....##
#...#########...#########
###.# #.#.......... #.##
#.###########
#.###..########.# #..
#...............# #.#
######..#####.### #.# ##.#
.# #.# ###.## .# #.#


You could see a wight.

Vanquished Creatures
  Prince Ribbit (D:5)
  3 yaks (D:5)
  2 black bears
  2 ogres (D:5)
  2 wights (D:6)
  2 howler monkeys
  A hound (D:5)
  3 jellies (D:4)
  2 orc priests (D:6)
  An iguana (D:4)
  An orc wizard (D:6)
  Terence (D:2)
  8 gnolls
  7 adders
  A shadow imp (D:6)
  A white imp (D:6)
  2 ufetubi (D:6)
  2 dart slugs (D:4)
  9 orcs
  5 bats
  6 endoplasms
  2 giant cockroaches
  7 goblins
  9 hobgoblins
  5 jackals
  6 kobolds
  6 quokkas
  12 ball pythons
  A frilled lizard (D:1)
  5 rats
115 creatures vanquished.

Notes
Turn   | Place    | Note
-------+----------+-------------------------------------------
     0 | D:1      | ProzacElf the Demonspawn Gladiator began the quest for the
                  | Orb.
     0 | D:1      | Reached XP level 1. HP: 16/16 MP: 1/1
   150 | D:1      | Reached skill level 1 in Stealth
   173 | D:1      | Reached skill level 3 in Long Blades
   173 | D:1      | Gained mutation: You have a small tail. [demonic ancestry]
   173 | D:1      | Reached XP level 2. HP: 22/22 MP: 2/2
   617 | D:1      | Gained mutation: You are surrounded by a mild repulsion
                  | field. (EV +2) [demonic ancestry]
   617 | D:1      | Reached XP level 3. HP: 23/27 MP: 3/3
   857 | D:2      | Noticed Terence
   879 | D:2      | Killed Terence
   880 | D:2      | Reached XP level 4. HP: 14/33 MP: 4/4
  1353 | D:2      | Found an iron altar of Okawaru.
  1638 | D:3      | Found a runed translucent door.
  1655 | D:3      | Noticed Gadfly's ghost (amateur DsMo)
  1656 | D:3      | Noticed a bullfrog
  1700 | D:3      | Found the +2 cloak of the Thief {*Fog Slay-2 SInv Stlth+}
  1794 | D:3      | Found Eduedwis's Antique Weapon Boutique.
  1945 | D:3      | Reached skill level 4 in Long Blades
  2292 | D:3      | Gained mutation: You are surrounded by a moderate repulsion
                  | field. (EV +3) [demonic ancestry]
  2292 | D:3      | Reached XP level 5. HP: 15/38 MP: 5/5
  2702 | D:3      | Found a runed translucent door.
  2819 | D:4      | Noticed a black bear
  2830 | D:4      | Killed a black bear
  2831 | D:4      | Reached XP level 6. HP: 40/44 MP: 6/6
  2938 | D:4      | Found a shimmering altar of Xom.
  3135 | D:4      | Identified the ring of Nelez {^Drain Will+ Str+5 Dex+4}
  3260 | D:4      | Reached skill level 5 in Long Blades
  3519 | D:5      | Entered Level 5 of the Dungeon
  3607 | D:5      | Reached skill level 5 in Stealth
  3607 | D:5      | Reached XP level 7. HP: 38/50 MP: 7/7
  3791 | D:5      | Noticed Prince Ribbit
  3831 | D:5      | Killed Prince Ribbit
  3832 | D:5      | Reached skill level 6 in Long Blades
  3976 | D:5      | Noticed a yak
  3981 | D:5      | Noticed a yak
  4001 | D:5      | Noticed a yak
  4021 | D:5      | Killed a yak
  4305 | D:5      | Gained mutation: You regenerate a little health from kills.
                  | [demonic ancestry]
  4305 | D:5      | Reached XP level 8. HP: 56/56 MP: 8/8
  4738 | D:5      | Reached skill level 7 in Long Blades
  4751 | D:5      | HP: 1/56 [yak (9)]
  5084 | D:6      | Reached skill level 5 in Evocations
  5467 | D:6      | HP: 2/56 [wight/+5 falchion of freezing (1)]
  5468 | D:6      | Mangled by a wight

Illustrated notes

Levels and vault maps discovered:
D:1:      evilmike_arrival_plus, layout_loops_ring
D:2:      layout_loops_corners, serial_glass, glass_columns_b, glass_columns_b,
          minmay_strange_pillars, item_on_display_a, feat_on_display,
          feat_on_display, basic_altar, minmay_ruptured, uniq_terence
D:3:      layout_basic, ebering_ghost_sewer_f, serial_shops,
          nicolae_shop_tiny_statue_garden, minmay_checkerbox
D:4:      layout_basic, dk_xom_monty_hall, serial_glass, glass_columns_a,
          glass_columns_a
D:5:      layout_loops_ring, uniq_prince_ribbit1
D:6:      layout_basic, minmay_temple_entry_statues

Skill      XL: |  1  2  3  4  5  6  7  8 |
---------------+-------------------------+-----
Stealth        | 1 2 3 4 5 |  5.0
Long Blades    | 3 4 5 6 7 |  7.7
Evocations     | 3 5 |  5.5
Fighting       | |  2.0
Throwing       | |  1.7
Dodging        | |  2.6

Action                     |  1- 3 |  4- 6 |  7- 9 || total
---------------------------+-------+-------+-------++-------
  Melee: Long sword        |    88 |   152 |   202 ||   442
         Punch             |     1 |     1 |     7 ||     9
         Tailslap          |     6 |    20 |    33 ||    59
  Throw: Throwing net      |       |     1 |     2 ||     3
         Javelin           |       |       |     4 ||     4
    Use: Scroll            |       |       |     3 ||     3
         Potion            |       |       |     3 ||     3
   Stab: Sleeping          |     6 |     5 |     2 ||    13
 Armour: Leather armour    |    52 |     2 |       ||    54
         Scale mail        |       |    85 |   118 ||   203
  Dodge: Dodged            |    69 |    90 |   168 ||   327

Action                     |  1- 3 |  4- 6 |  7- 9 || total
---------------------------+-------+-------+-------++-------
  Melee: Long sword        |    88 |   152 |   202 ||   442
         Punch             |     1 |     1 |     7 ||     9
         Tailslap          |     6 |    20 |    33 ||    59
  Throw: Throwing net      |       |     1 |     2 ||     3
         Javelin           |       |       |     4 ||     4
    Use: Scroll            |       |       |     3 ||     3
         Potion            |       |       |     3 ||     3
   Stab: Sleeping          |     6 |     5 |     2 ||    13
 Armour: Leather armour    |    52 |     2 |       ||    54
         Scale mail        |       |    85 |   118 ||   203
  Dodge: Dodged            |    69 |    90 |   168 ||   327

Levels and vault maps discovered:
D:1:      evilmike_arrival_plus, layout_loops_ring
D:2:      layout_loops_corners, serial_glass, glass_columns_b, glass_columns_b,
          minmay_strange_pillars, item_on_display_a, feat_on_display,
          feat_on_display, basic_altar, minmay_ruptured, uniq_terence
D:3:      layout_basic, ebering_ghost_sewer_f, serial_shops,
          nicolae_shop_tiny_statue_garden, minmay_checkerbox
D:4:      layout_basic, dk_xom_monty_hall, serial_glass, glass_columns_a,
          glass_columns_a
D:5:      layout_loops_ring, uniq_prince_ribbit1
D:6:      layout_basic, minmay_temple_entry_statues
